 Dungeon Crawl Stone Soup version 0.31-a0-750-gfe7b580527 (webtiles) character file.

Game seed: 15615249045215999853

6827 DocEon the Spear-Bearer (level 11, -5/74 (87) HPs)
             Began as a Merfolk Gladiator on Sept 15, 2023.
             Was an Initiate of Ashenzari.
             Slain by Jeremiah
             ... wielding a +3 trident of draining
              (12 damage)
             ... on level 7 of the Dungeon.
             The game lasted 00:19:12 (7582 turns).

DocEon the Spear-Bearer (Merfolk Gladiator)         Turns: 7582, Time: 00:19:12

HP:   -5/74 (87)    AC:  6    Str: 16    XL:     11   Next: 5%
MP:   11/11         EV: 22    Int:  7    God:    Ashenzari [......]
Gold: 356           SH:  0    Dex: 19    Spells: 10/10 levels left

rFire   . . .        a - +0 demon trident "Oscillating Fan" {elec, Range, Dev} (curse)
rCold   + + .        (no shield)
rNeg    . . .        d - +2 robe {rC+}
rPois   +            c - +0 helmet
rElec   .            (no cloak)
rCorr   .            f - +0 pair of gloves
SInv    .            (no boots)
Will    .....        (no amulet)
Stlth   ++           o - ring of poison resistance
HPRegen 0.32/turn    l - ring of protection from cold
MPRegen 0.12/turn

%: no passive effects
@: heavily drained
A: (nimble swimmer 2), mertail
a: Renounce Religion, Shatter the Chains


You were on level 7 of the Dungeon.
You worshipped Ashenzari.
Ashenzari was noncommittal.
You visited 2 branches of the dungeon, and saw 8 of its levels.

You collected 389 gold pieces.
You spent 33 gold pieces at shops.

Inventory:

Hand Weapons
 a - the cursed +0 demon trident "Oscillating Fan" (weapon) {elec, Range, Dev}
   (You acquired it on level 4 of the Dungeon)

   It has a curse which improves the following skills: Ranged Combat: Ranged
   Weapons and Throwing.
   Devices:   Evocations and Shapeshifting.
 b - a +5 heavy trident
Missiles
 e - a javelin
 m - 5 atropa-tipped darts (quivered)
 u - 10 poisoned darts
 w - 5 darts of dispersal
Armour
 c - a +0 helmet (worn)
 d - a +2 robe of cold resistance (worn)
 f - a +0 pair of gloves (worn)
 k - a +0 leather armour
Jewellery
 l - a ring of protection from cold (right hand)
 n - a ring of resist corrosion
 o - a ring of poison resistance (left hand)
 p - a ring of willpower
 A - a ring of willpower
 B - a +6 ring of strength
Talismans
 C - a maw talisman
Wands
 s - a wand of charming (10)
Scrolls
 g - 4 scrolls of teleportation
 r - a scroll of silence
 y - 2 scrolls of poison
Potions
 h - 5 potions of attraction
 i - 2 potions of lignification
 j - 2 potions of resistance
 q - 2 potions of haste
 t - a potion of heal wounds
 v - a potion of brilliance {unknown}
 x - a potion of enlightenment {unknown}
 z - 2 potions of curing
 D - a potion of might {unknown}


   Skills:
 + Level 8.5 Fighting
 - Level 14.0 Polearms
 - Level 2.0(2.3) Throwing
 * Level 14.0 Dodging


You had 10 spell levels left.
You didn't know any spells.
Your spell library contained the following spells:

 Spells                   Type           Power      Damage    Failure   Level
 Freeze                   Ice            0%         1d3       43%         1
 Summon Small Mammal      Summ           0%         N/A       43%         1
 Lesser Beckoning         Tloc           0%         N/A       56%         2
 Sublimation of Blood     Necr           0%         N/A       56%         2
 Call Canine Familiar     Summ           0%         N/A       80%         3
 Frozen Ramparts          Ice            0%         1d1       80%         3
 Gell's Gravitas          Tloc           0%         N/A       80%         3
 Hailstorm                Conj/Ice       0%         3d3       80%         3
 Summon Guardian Golem    Hex/Summ       0%         N/A       80%         3
 Teleport Other           Tloc           0%         N/A       80%         3
 Petrify                  Tmut/Erth      0%         N/A       99%         4
 Irradiate                Conj/Tmut      0%         3d11      100%        5


Dungeon Overview and Level Annotations

Branches:
Dungeon (7/15)             Temple (1/1) D:4

Altars:
Ashenzari
Cheibriados
Dithmenos
Elyvilon
Fedhas
Gozag
Kikubaaqudgha
Makhleb
Nemelex Xobeh
Okawaru
Qazlal
Ru
Sif Muna
Trog
Uskayaw
Vehumet
Zin

Shops:
D:3 =   D:4 *

Annotations:
D:5 2 transporters
D:7 Jeremiah


Innate Abilities, Weirdness & Mutations

((You are very nimble when in or above water. (Stealth+, EV+, Speed+++)))
Your lower body shifts to a powerful aquatic tail in water.


Message History

Press: ? - help, Dir - move target, f/p - Jeremiah
Aim: Jeremiah, wielding a +3 trident of draining, wearing a +0 robe and wearing an orb of mayhem (almost dead, about 35% to evade the cursed +0 demon trident "Oscillating Fan")
You reach to attack!
You hit Jeremiah.
Jeremiah is almost dead.
Jeremiah hits you from afar with a +3 trident of draining.
* * * LOW HITPOINT WARNING * * *
You feel drained.
Reach: a) +0 demon trident "Oscillating Fan" {elec, Range, Dev} (curse)
Press: ? - help, Dir - move target, f/p - Jeremiah
Aim: Jeremiah, wielding a +3 trident of draining, wearing a +0 robe and wearing an orb of mayhem (almost dead, about 35% to evade the cursed +0 demon trident "Oscillating Fan")
The butterfly is in the way.
You hit the butterfly.
You kill the butterfly!
The butterfly disappears in a burst of colours! x4
Jeremiah barely misses you.
Reach: a) +0 demon trident "Oscillating Fan" {elec, Range, Dev} (curse)
Press: ? - help, Dir - move target, f/p - Jeremiah
Aim: Jeremiah, wielding a +3 trident of draining, wearing a +0 robe and wearing an orb of mayhem (almost dead, about 35% to evade the cursed +0 demon trident "Oscillating Fan")
The butterfly is in the way.
You puncture the butterfly!
You kill the butterfly!
The butterfly disappears in a burst of colours!
Reach: a) +0 demon trident "Oscillating Fan" {elec, Range, Dev} (curse)
Press: ? - help, Dir - move target, f/p - Jeremiah
Aim: Jeremiah, wielding a +3 trident of draining, wearing a +0 robe and wearing an orb of mayhem (almost dead, about 35% to evade the cursed +0 demon trident "Oscillating Fan")
The butterfly is in the way.
You barely miss the butterfly. Jeremiah closely misses you.
Reach: a) +0 demon trident "Oscillating Fan" {elec, Range, Dev} (curse)
Press: ? - help, Dir - move target, f/p - Jeremiah
Aim: Jeremiah, wielding a +3 trident of draining, wearing a +0 robe and wearing an orb of mayhem (almost dead, about 35% to evade the cursed +0 demon trident "Oscillating Fan")
You reach to attack!
You barely miss Jeremiah.
Jeremiah is almost dead.
The butterfly disappears in a burst of colours!
Reach: a) +0 demon trident "Oscillating Fan" {elec, Range, Dev} (curse)
Press: ? - help, Dir - move target, f/p - Jeremiah
Aim: Jeremiah, wielding a +3 trident of draining, wearing a +0 robe and wearing an orb of mayhem (almost dead, about 35% to evade the cursed +0 demon trident "Oscillating Fan")
The butterfly is in the way.
You puncture the butterfly!
You kill the butterfly!
The butterfly disappears in a burst of colours! x2
Jeremiah hits you from afar with a +3 trident of draining!
You die...
Jeremiah wails, "I didn't mean to kill anyone!
I'm not a murderer!"

....###.#####.#.##'##♣...♣
# .######†##
#.#.....#♣♣.♣♣ #
.......>.####.#.♣♣♣.# ♣.♣
.######.......#.....# ♣.♣
.# #†#####.####### ### .
##.## #.##.b. #
#####...####b##.# .#
...>.......bbbbbb###.#
######...##.bbF.@....#
##.....####.b.b.#
##<..........###
#.#########b# ...# #.#
##### #.# #.# #.# #..


You could see Jeremiah.

Vanquished Creatures
  A boulder beetle (D:7)
  A centaur warrior (D:7)
  Pikel (D:4)
  A deep elf pyromancer (D:7)
  The ghost of pigah the Insei, a novice OpSh (D:4)
  A troll (D:7)
  Prince Ribbit (D:7)
  A vampire (D:7)
  A wraith (D:7)
  5 yaks (D:6)
  2 steam dragons (D:7)
  A water moccasin (D:6)
  4 sky beasts
  3 black bears
  3 ice beasts
  2 orc warriors (D:7)
  An ogre (D:5)
  2 centaurs (D:6)
  A lemure (D:4)
  4 bullfrogs
  A gnoll sergeant (D:7)
  3 scorpions
  2 wights (D:7)
  6 killer bees
  2 howler monkeys (D:7)
  A hound (D:5)
  An orc priest (D:7)
  A gnoll bouda (D:7)
  A sleepcap (D:7)
  Ijyb (D:4)
  2 orc wizards (D:7)
  2 iguanas (D:7)
  7 gnolls (D:3)
  6 adders
  3 shadow imps
  3 white imps
  An ufetubus (D:5)
  3 worms
  6 dart slugs
  6 orcs
  7 ball pythons
  10 endoplasms
  2 giant cockroaches
  8 hobgoblins
  4 jackals (D:1)
  3 quokkas
  5 bats
  3 frilled lizards
  4 goblins
  6 kobolds
  7 rats
154 creatures vanquished.

Notes
Turn   | Place    | Note
-------+----------+-------------------------------------------
     0 | D:1      | DocEon the Merfolk Gladiator began the quest for the Orb.
     0 | D:1      | Reached XP level 1. HP: 16/16 MP: 1/1
    44 | D:1      | Reached XP level 2. HP: 14/22 MP: 2/2
   226 | D:1      | Reached skill level 5 in Polearms
   460 | D:1      | Reached XP level 3. HP: 27/27 MP: 3/3
  1020 | D:2      | Reached XP level 4. HP: 33/33 MP: 4/4
  1548 | D:3      | Reached XP level 5. HP: 13/38 MP: 5/5
  2005 | D:3      | Found a faded altar of an unknown god.
  2160 | D:3      | Found Lublyg's Jewellery Shop.
  2556 | D:4      | Found a runed translucent door.
  2556 | D:4      | Noticed pigah's ghost (novice OpSh)
  2577 | D:4      | Noticed Ijyb
  2587 | D:4      | Killed Ijyb
  2609 | D:4      | Reached XP level 6. HP: 38/44 MP: 6/6
  2756 | D:4      | Found a white marble altar of Elyvilon.
  3053 | D:4      | Found a shadowy altar of Dithmenos.
  3054 | D:4      | Noticed Pikel
  3215 | D:4      | HP: 1/44 [Pikel/+2 whip of freezing (11)]
  3222 | D:4      | Killed Pikel
  3223 | D:4      | Reached XP level 7. HP: 4/50 MP: 7/7
  3399 | D:4      | Found Xaiq's General Store.
  3415 | D:4      | Bought a potion of lignification for 33 gold pieces
  3483 | D:4      | Found a radiant altar of Vehumet.
  3535 | D:4      | Found a staircase to the Ecumenical Temple.
  3590 | D:4      | Reached XP level 8. HP: 56/56 MP: 8/8
  3693 | D:4      | Identified a scroll of acquirement
  3693 | D:4      | Acquired a +0 demon trident of electrocution
  3726 | D:5      | Entered Level 5 of the Dungeon
  3905 | D:5      | Found a blossoming altar of Fedhas.
  4192 | D:5      | Found a transporter.
  4274 | D:5      | Found a transporter.
  4541 | D:6      | Found a broken altar of Ashenzari.
  4808 | Temple   | Entered the Ecumenical Temple
  4975 | D:4      | Killed pigah's ghost
  4976 | D:4      | Reached skill level 5 in Dodging
  4976 | D:4      | Reached XP level 9. HP: 51/63 MP: 9/9
  5171 | D:6      | Became a worshipper of Ashenzari the Shackled
  5223 | D:6      | Found a burning altar of Makhleb.
  5225 | D:6      | Found an iron altar of Okawaru.
  5348 | D:6      | Reached skill level 5 in Fighting
  5861 | D:7      | Noticed a centaur warrior
  5864 | D:7      | Noticed a troll
  5865 | D:7      | Noticed a boulder beetle
  6170 | D:7      | Reached skill level 10 in Dodging
  6231 | D:7      | Reached XP level 10. HP: 76/76 MP: 10/10
  6588 | D:7      | Noticed a deep elf pyromancer
  6599 | D:7      | Killed a deep elf pyromancer
  6877 | D:7      | Killed a boulder beetle
  7069 | D:7      | Killed a centaur warrior
  7165 | D:7      | Reached XP level 11. HP: 84/87 MP: 11/11
  7480 | D:7      | Found a hide-covered altar of Uskayaw.
  7500 | D:7      | Noticed Prince Ribbit
  7508 | D:7      | Killed Prince Ribbit
  7546 | D:7      | Noticed Jeremiah
  7582 | D:7      | Slain by Jeremiah

Illustrated notes

Levels and vault maps discovered:
D:1:      matt_arrival_los_fun, layout_basic, columned_hall_lemuel
D:2:      layout_loops_ring
D:3:      layout_loops_ring, serial_shops, nicolae_shop_real_fake_doors,
          shapermc_ecumenical_altar_venn
D:4:      layout_rooms, mainiacjoe_overflow_brackets, lemuel_crystal_altar,
          nicolae_dithmenos_shadow_blocks, minmay_temple_entry_enclosed_plants,
          serial_shops, nicolae_shop_tiny_statue_garden,
          hellmonk_ghost_happy_afterlife, uniq_pikel, uniq_ijyb
D:5:      gammafunk_cloud_chamber, layout_loops_ring, fedhas_ov_isle_minmay
D:6:      layout_rooms, amcnicky_altar_gilded, grunt_temple_overflow_open
D:7:      nzn_winding_woodlands_stair_cross [nzn_winding_woodlands_5x15_jagged,
          nzn_winding_woodlands_center_garden, nzn_winding_woodlands_5x15_eye,
          nzn_winding_woodlands_5x5_three, nzn_winding_woodlands_5x5_cross,
          nzn_winding_woodlands_5x15_default,
          nzn_winding_woodlands_center_lodge,
          nzn_winding_woodlands_5x15_pathside_ponds], layout_loops_ring,
          kennysheep_mini, uniq_jeremiah, uniq_prince_ribbit1
Temple:   hellmonk_temple_forest_ring

Skill      XL: |  1  2  3  4  5  6  7  8  9 10 11 |
---------------+----------------------------------+-----
Polearms       | 5 6 7 8 11 12 14 | 14.0
Fighting       | 3 6 8 |  8.5
Dodging        | 5 10 13 14 | 14.0
Throwing       | |  2.0

Action                     |  1- 3 |  4- 6 |  7- 9 | 10-12 || total
---------------------------+-------+-------+-------+-------++-------
  Melee: Trident           |   115 |   213 |    22 |     6 ||   356
         Punch             |     2 |     2 |       |       ||     4
         Demon trident     |       |       |   148 |   173 ||   321
  Throw: Throwing net      |       |     3 |       |       ||     3
         Dart              |       |     2 |     5 |       ||     7
 Invoke: Curse Item        |       |       |       |     1 ||     1
    Use: Scroll            |     3 |       |     9 |     1 ||    13
         Potion            |       |     4 |       |     2 ||     6
   Stab: Sleeping          |       |     7 |     3 |     1 ||    11
         Held in net/web   |       |     2 |       |       ||     2
         Invisible         |       |       |     5 |       ||     5
         Distracted        |       |       |       |     3 ||     3
 Armour: Leather armour    |    37 |    93 |       |       ||   130
         Robe              |       |       |    49 |    39 ||    88
  Dodge: Dodged            |    66 |   101 |    87 |    65 ||   319

Table legend: (Time is in decaauts)
 A = Elapsed time spent in this place.
 B = Non-inter-level travel time spent in this place.
 C = Inter-level travel time spent in this place.
 D = Time resting spent in this place.
 E = Time spent auto-exploring this place.
 F = Levels seen in this place.
 G = Mean time per level.
                   A        B        C        D        E       F      G
               +--------+--------+--------+--------+--------+-----+--------+
         Total |   7410 |   6854 |    556 |   1736 |   3697 |   8 |  926.2 |
       Dungeon |   7280 |   6737 |    543 |   1736 |   3697 |   7 | 1040.0 |
        Temple |    129 |    116 |     13 |      0 |      0 |   1 |  129.0 |
               +--------+--------+--------+--------+--------+-----+--------+

Top non-repeatable levels by time:
     D:6: 1261 daAuts
     D:7: 1206 daAuts
     D:4: 1191 daAuts
     D:3: 1169 daAuts
     D:1: 912 daAuts
     D:5: 800 daAuts
     D:2: 738 daAuts
  Temple: 129 daAuts
